 Dungeon Crawl Stone Soup version 0.22-a0-136-g83a10e5 (webtiles) character file.

107 Dirtyleaf the Conjurer (level 5, -2/35 HPs)
             Began as a Human Conjurer on Feb 2, 2018.
             Slain by Natasha (6 damage)
             ... on level 2 of the Dungeon.
             The game lasted 00:18:08 (3527 turns).

Dirtyleaf the Conjurer (Human Conjurer)             Turns: 3527, Time: 00:18:24

Health: -2/35      AC:  5    Str:  9    XL:     5   Next: 10%
Magic:  9/9        EV: 10    Int: 20    God:
Gold:   69         SH:  3    Dex: 13    Spells: 4/10 levels left

rFire    . . .     SeeInvis .   f - +4 short sword
rCold    . . .     Gourm    .   k - +0 buckler
rNeg     + . .     Faith    .   a - +1 robe
rPois    .         Spirit   .   (no helmet)
rElec    .         Reflect  .   (no cloak)
rCorr    .         Harm     +   (no gloves)
MR       .....     Rnd*Rage +   (no boots)
Stlth    +.........             d - amulet of harm
HPRegen  0.11/turn              h - ring of positive energy
MPRegen  0.11/turn              (no ring)

@: starving, slowed, heavily drained, very slow
A: thin metallic scales 1, berserk 1, clever 2
a: no special abilities


You were on level 2 of the Dungeon.
You were starving.

You visited 1 branch of the dungeon, and saw 2 of its levels.

You collected 69 gold pieces.

Inventory:

Hand Weapons
 f - a +4 short sword (weapon)
 j - a +0 hunting sling
Missiles
 e - 7 javelins (quivered)
Armour
 a - a +1 robe (worn)
 i - a +0 centaur barding
 k - a +0 buckler (worn)
Jewellery
 d - an amulet of harm (around neck)
 g - an uncursed amulet of rage
 h - a ring of positive energy (left hand)
Wands
 m - a wand of random effects (40)
Potions
 l - a potion of degeneration {unknown}
 n - a potion of lignification {unknown}
Books
 b - a book of Conjurations

   Spells                             Type                      Level
   a - Magic Dart                     Conjuration                  1
   b - Searing Ray                    Conjuration                  2
   c - Dazzling Spray                 Conjuration/Hexes            3
   d - Fulminant Prism                Conjuration/Hexes            4
   e - Force Lance                    Conjuration/Translocation    4
   f - Iskenderun's Mystic Blast      Conjuration                  4
Comestibles
 c - 3 rations


   Skills:
 + Level 0.3(0.0) Fighting
 + Level 0.2(0.0) Short Blades
 + Level 2.1(0.0) Dodging
 + Level 2.2(0.0) Stealth
 + Level 3.0(0.6) Spellcasting
 + Level 5.1(2.6) Conjurations


You had 4 spell levels left.
You knew the following spells:

 Your Spells              Type           Power        Failure   Level  Hunger
a - Magic Dart            Conj           ##..         11%         1    ##.....
b - Dazzling Spray        Conj/Hex       #.....       47%         3    ####...
c - Searing Ray           Conj           ##....       16%         2    ###....


Dungeon Overview and Level Annotations

Branches:
Dungeon (2/15)

Altars:

Annotations:
D:2 Natasha


Innate Abilities, Weirdness & Mutations

You are partially covered in thin metallic scales. (AC +2)
You tend to lose your temper in combat.
Your mind is very acute. (Int +4)


Message History

Natasha casts a spell.
You block Natasha's attack.
You hit Natasha but do no damage.
Natasha is almost dead.
Natasha barely misses you. Natasha closely misses you.
You barely miss Natasha.
Natasha is almost dead.
Natasha casts a spell at you. The magic dart hits you!
The iron imp closely misses you.
Natasha stares at you and mumbles some strange words.
The magic dart hits you!
* * * LOW HITPOINT WARNING * * *
You miss Natasha.
Natasha is almost dead.
The white imp hits you.
* * * LOW HITPOINT WARNING * * *
The white imp freezes you.
* * * LOW HITPOINT WARNING * * *
Natasha claws you.
You die...

########## ######## #>.......#
#......# #.######.#
#.####.##### #.# ####.###
####......#...## #.#
#......#####@##.......)...#
#.###.##.#.....5h5............#
#........#####................#
#####.#### ##...#......#...##
#.# ##.##......##.## ###.#
#.##########.### ##.#.# #.#
#...# ##.#..# ##'## ###.#
#.#...# ##...## #.#


You could see an iron imp, Natasha and a white imp.

Vanquished Creatures
  Jessica (D:2)
  Natasha (D:2)
  An adder (D:2)
  An ooze (D:1)
  A worm (D:2)
  A dart slug (D:1)
  A leopard gecko (D:2)
  A ball python (D:1)
  3 giant cockroaches
  4 goblins (D:1)
  4 hobgoblins
  4 jackals (D:1)
  6 kobolds (D:1)
  3 bats (D:1)
  A frilled lizard (D:1)
  3 rats
36 creatures vanquished.

Notes
Turn   | Place    | Note
-------+----------+-------------------------------------------
     0 | D:1      | Dirtyleaf the Human Conjurer began the quest for the Orb.
     0 | D:1      | Reached XP level 1. HP: 13/13 MP: 3/3
   207 | D:1      | Reached XP level 2. HP: 19/19 MP: 1/5
  1082 | D:1      | Reached XP level 3. HP: 23/24 MP: 4/6
  1246 | D:1      | Learned a level 3 spell: Dazzling Spray
  1249 | D:1      | Learned a level 2 spell: Searing Ray
  1338 | D:1      | Gained mutation: You tend to lose your temper in combat. [potion of mutation]
  1338 | D:1      | Gained mutation: You are partially covered in thin metallic scales. (AC +2) [potion of mutation]
  1338 | D:1      | Gained mutation: Your mind is acute. (Int +2) [potion of mutation]
  1338 | D:1      | Gained mutation: Your mind is very acute. (Int +4) [potion of mutation]
  2272 | D:2      | Reached XP level 4. HP: 30/30 MP: 0/7
  2790 | D:2      | Noticed Natasha
  2799 | D:2      | Killed Natasha
  2799 | D:2      | Reached skill level 5 in Conjurations
  3317 | D:2      | Noticed Jessica
  3320 | D:2      | Killed Jessica
  3320 | D:2      | Reached XP level 5. HP: 35/35 MP: 4/9
  3514 | D:2      | Noticed Natasha
  3527 | D:2      | Slain by Natasha

Vault maps used:
D:1:      minmay_arrival_hallway, corner_web_ring
D:2:      first_ration, uniq_jessica, uniq_natasha

Skill      XL: |  1  2  3  4 |
---------------+-------------+-----
Conjurations   | 5 |  5.1
Spellcasting   | 3 |  3.0
Fighting       | |  0.3
Short Blades   | |  0.2
Dodging        | |  2.1
Stealth        | |  2.2

Action                   |  1- 3 |  4- 6 || total
-------------------------+-------+-------++-------
Melee: Unarmed           |     1 |       ||     1
       Short sword       |     6 |    16 ||    22
 Cast: Magic Dart        |    50 |    13 ||    63
       Dazzling Spray    |     2 |       ||     2
       Searing Ray       |       |     2 ||     2
  Use: Scroll            |     7 |     5 ||    12
       Potion            |     4 |     1 ||     5
  Eat: Ration            |     2 |       ||     2
       Chunk             |       |     1 ||     1
Armor: Robe              |     6 |     5 ||    11
Dodge: Dodged            |    24 |    11 ||    35
Block: Buckler           |       |     2 ||     2

Table legend:
 A = Spawn XP
 B = Non-spawn XP
 C = Spawn XP percentage of total XP
 D = Spawn monster count
 E = Non-spawn monster count
 F = Spawn count percentage of total count
 G = Total turns spent on level
                    A         B        C        D         E        F      G
               +---------+---------+-------+---------+---------+-------+---------
         Total |       0 |     153 |   0.0 |       0 |      36 |   0.0 |  3527
               +---------+---------+-------+---------+---------+-------+---------
           D:1 |       0 |      53 |   0.0 |       0 |      27 |   0.0 |  2159
           D:2 |       0 |     100 |   0.0 |       0 |       9 |   0.0 |  1368
               +---------+---------+-------+---------+---------+-------+---------
